 Dungeon Crawl Stone Soup version 0.31.0-32-g396128a36d (webtiles) character file.

Game seed: 8940428567623781090

108 PaiMei the Gusty (level 4, -3/25 HPs)
             Began as a Tengu Air Elementalist on Mar 18, 2024.
             Slain by Ijyb
             ... wielding a +0 club
              (6 damage)
             ... on level 3 of the Dungeon.
             The game lasted 00:03:50 (2560 turns).

PaiMei the Gusty (Tengu Air Elementalist)           Turns: 2560, Time: 00:03:51

Health: -3/25      AC:  2    Str:  8    XL:     4   Next: 87%
Magic:  0/8        EV: 13    Int: 17    God:
Gold:   81         SH:  0    Dex: 15    Spells: 5/8 levels left

rFire   . . .        l - +0 scimitar
rCold   . . .        (no shield)
rNeg    . . .        a - +0 robe
rPois   .            (helmet restricted)
rElec   .            (no cloak)
rCorr   .            (no gloves)
SInv    .            (boots unavailable)
Will    .....        t - amulet of regeneration
Stlth   ++           (no ring)
HPRegen 1.04/turn    (no ring)
MPRegen 0.11/turn

%: acrobat
@: no status effects
A: beak, talons 3, acrobatic
a: no special abilities


You were on level 3 of the Dungeon.
You visited 1 branch of the dungeon, and saw 3 of its levels.

You collected 81 gold pieces.

Inventory:

Hand Weapons
 c - a +0 dagger
 l - a +0 scimitar (weapon)
Missiles
 k - 2 poisoned darts (quivered)
Armour
 a - a +0 robe (worn)
 o - a +0 buckler
Jewellery
 t - an amulet of regeneration (around neck)
Scrolls
 d - 3 scrolls of fog {unknown}
 f - 2 scrolls of revelation {unknown}
 g - a scroll of noise {unknown}
 h - 6 scrolls of identify {unknown}
 i - 2 scrolls of fear {unknown}
 q - 3 scrolls of vulnerability {unknown}
 r - a scroll of silence {unknown}
 s - a scroll of teleportation {unknown}
Potions
 b - a potion of magic
 e - a potion of invisibility {unknown}
 j - a potion of curing {unknown}
 m - a potion of haste {unknown}
 n - a potion of might {unknown}
 p - a potion of attraction {unknown}
 u - a potion of resistance {unknown}


   Skills:
 + Level 1.2 Fighting
 + Level 3.1 Dodging
 - Level 2.3 Stealth
 + Level 2.6 Spellcasting
 + Level 2.8 Conjurations
 + Level 4.7 Air Magic


You had 5 spell levels left.
You knew the following spells:

 Your Spells              Type           Power      Damage    Failure   Level
a - Shock                 Conj/Air       60%        1d6       3%          1
b - Static Discharge      Conj/Air       30%        3-5/arc   6%          2

Your spell library contained the following spells:

 Spells                   Type           Power      Damage    Failure   Level
 Swiftness                Air            18%        N/A       8%          3
 Airstrike                Air            9%         2d(2-18)  26%         4


Dungeon Overview and Level Annotations

Branches:
Dungeon (3/15)

Altars:

Annotations:
D:3 Grinder, Ijyb


Innate Abilities, Weirdness & Mutations

You have a beak for a mouth.
You have claws for feet.
You can magically evade attacks while moving or waiting.


Message History

Confirm with . or Enter, or press ? or * to list all spells.
Ijyb is struck by an arc of lightning.
Ijyb is moderately wounded.
You are struck by an arc of lightning.
The lightning grounds out.
Ijyb hits you with a +0 club.
Throw: 4 darts (poison)
Press: ? - help, Q - select action, (/) - cycle Shift-Dir - straight line, f - Ijyb
Aim: Ijyb, wielding a +0 club, wearing a +2 scale mail of poison resistance and carrying a wand of mindburst (moderately wounded, 50% to hit)
You throw a poisoned dart. The poisoned dart hits Ijyb.
Ijyb is moderately wounded.
Ijyb hits you with a +0 club.
Casting: Static Discharge (safe; 6% risk of failure)
Confirm with . or Enter, or press ? or * to list all spells.
Ijyb is struck by an arc of lightning.
Ijyb is moderately wounded.
You are struck by an arc of lightning.
Ijyb is struck by an arc of lightning.
Ijyb hits you with a +0 club.
Throw: 3 darts (poison)
Press: ? - help, Q - select action, (/) - cycle Shift-Dir - straight line, f/p - Ijyb
Aim: Ijyb, wielding a +0 club, wearing a +2 scale mail of poison resistance and carrying a wand of mindburst (moderately wounded, 50% to hit)
You throw a poisoned dart. The poisoned dart closely misses Ijyb.
Ijyb barely misses you.
Casting: Static Discharge (safe; 6% risk of failure)
Confirm with . or Enter, or press ? or * to list all spells.
Aiming: Shock (safe; 3% risk of failure)
Press: ? - help, Shift-Dir - straight line, f/p - Ijyb
Aim: Ijyb, wielding a +0 club, wearing a +2 scale mail of poison resistance and carrying a wand of mindburst (moderately wounded, 68% to hit)
The zap hits Ijyb.
Ijyb is heavily wounded.
The zap misses Ijyb.
Ijyb zaps a wand.
Your mind is blasted!
* * * LOW HITPOINT WARNING * * *
Casting: Shock (safe; 3% risk of failure)
Confirm with . or Enter, or press ? or * to list all spells.
Aiming: Shock (safe; 3% risk of failure)
Press: ? - help, Shift-Dir - straight line, f/p - Ijyb
Aim: Ijyb, wielding a +0 club, wearing a +2 scale mail of poison resistance and carrying a wand of mindburst (heavily wounded, 68% to hit)
The zap misses Ijyb.
The zap hits Ijyb but does no damage.
Ijyb is heavily wounded.
Ijyb hits you with a +0 club.
You die... ~♣♣~..#.##.........♣P~ ####...##.#..###.....♣~~ ...#........###.....~~~~ ..>.............###♣♣P~~ ............###..# P~P

...........##
##.## ~~~
.$.........#
#..# ♣~
...........#
##.# ♣♣~
.......@...#
#.####~~
.!....g...[#
#....#♣.
..........##
####....
...#(....##
##### ##
####### #


You could see Ijyb.

Vanquished Creatures
  4 adders (D:2)
  2 dart slugs
  4 ribbon worms
  5 endoplasms
  3 giant cockroaches (D:1)
  3 goblins
  3 hobgoblins
  4 kobolds
  3 quokkas
  4 ball pythons
  9 bats
  5 frilled lizards
  11 rats
60 creatures vanquished.

Notes
Turn   | Place    | Note
-------+----------+-------------------------------------------
     0 | D:1      | PaiMei the Tengu Air Elementalist began the quest for the
                  | Orb.
     0 | D:1      | Reached XP level 1. HP: 10/10 MP: 4/4
   119 | D:1      | Reached XP level 2. HP: 15/15 MP: 0/6
   612 | D:1      | Reached XP level 3. HP: 19/19 MP: 5/7
   942 | D:2      | Found a faded altar of an unknown god.
  1401 | D:2      | Learned a level 2 spell: Static Discharge
  1493 | D:2      | Reached XP level 4. HP: 24/24 MP: 4/8
  1688 | D:2      | Reached skill level 1 in Fighting
  2032 | D:3      | Noticed Grinder
  2032 | D:3      | Noticed Ijyb
  2352 | D:3      | Paralysed by Grinder for 4 turns
  2560 | D:3      | Slain by Ijyb

Illustrated notes

Levels and vault maps discovered:
D:1:      lightli_arrival_windingriver, layout_basic, corexii_leaking_fountain
D:2:      minmay_skewed_foursquare, layout_rooms, nicolae_ecumenical_oubliette
D:3:      layout_rooms, serial_bayou, serial_bayou_lagoon_a,
          serial_bayou_lake_a, serial_bayou_ford_a, serial_bayou_lagoon_b,
          serial_bayou_pond_a, uniq_grinder, uniq_ijyb

Skill      XL: |  1  2  3  4 |
---------------+-------------+-----
Conjurations   | 2 |  2.8
Fighting       | 1 |  1.2
Dodging        | 3 |  3.1
Stealth        | |  2.3
Spellcasting   | |  2.6
Air Magic      | |  4.7

Action                     |  1- 3 |  4- 6 || total
---------------------------+-------+-------++-------
  Melee: Unarmed           |     5 |       ||     5
         Kick              |     4 |     1 ||     5
         Peck              |     4 |     2 ||     6
         Scimitar          |     8 |    10 ||    18
  Throw: Dart              |       |     2 ||     2
   Cast: Shock             |    79 |    34 ||   113
         Static Discharge  |       |     3 ||     3
 Armour: Robe              |    11 |    24 ||    35
  Dodge: Dodged            |    15 |    24 ||    39
